 Dungeon Crawl Stone Soup version 0.26-a0-835-g8259106e14 (webtiles) character file.

Game seed: 2619185079834402542

923 dickylongcocking the Sneak (level 7, -6/57 HPs)
             Began as a Spriggan Fighter on Nov 17, 2020.
             Was an Initiate of Okawaru.
             Mangled by a tentacled monstrosity (7 damage)
             ... on level 1 of the Abyss.
             The game lasted 00:06:49 (7569 turns).

dickylongcocking the Sneak (Spriggan Fighter)       Turns: 7569, Time: 00:06:50

Health: -6/57      AC: 23    Str: 12    XL:     7   Next: 84%
Magic:  17/17      EV:  1    Int: 10    God:    Okawaru [......]
Gold:   219        SH:  7    Dex: 15    Spells: 6/6 levels left

rFire    . . .     SeeInvis +   (weapon restricted)
rCold    . . .     Faith    .   c - +0 buckler
rNeg     + + +     Spirit   .   (armour currently unavailable)
rPois    +         Reflect  .   (helmet currently unavailable)
rElec    .         Harm     .   (cloak currently unavailable)
rCorr    .         Rampage  .   (gloves unavailable)
MR       +....     NoTele   +   (boots unavailable)
Stlth    +++.......             (no amulet)
HPRegen  0.19/turn              l - ring of magical power
MPRegen  0.15/turn              (no ring)

@: tree-form (expiring), constricted, studying Fighting
A: very small, unfitting armour, see invisible, dopey 1, sense surroundings 1,
wild magic 1
a: Renounce Religion


You were on level 1 of the Abyss.
You worshipped Okawaru.
Okawaru was noncommittal.
You were a tree.
You visited 2 branches of the dungeon, and saw 7 of its levels.
You visited the Abyss 1 time.

You collected 219 gold pieces.

Inventory:

Hand Weapons
 a - a +0 rapier
Armour
 b - a +0 robe (melded)
 c - a +0 buckler (worn)
 o - a +0 hat (melded)
 r - a +0 cloak
 s - a scarf of repulsion (melded)
Jewellery
 l - a ring of magical power (left branch)
 w - a +4 ring of evasion {unknown}
Wands
 f - a wand of flame (1)
 x - a wand of random effects (20)
Scrolls
 e - 8 scrolls of teleportation
 g - 4 scrolls of identify
 h - 4 scrolls of remove curse
 i - 2 scrolls of enchant weapon
 j - a scroll of amnesia
 m - a scroll of magic mapping
 n - 4 scrolls of immolation
 p - 2 scrolls of fear {unknown}
 v - a scroll of blinking {unknown}
Potions
 k - 2 potions of mutation
Books
 q - a manual of Fighting


   Skills:
 * Level 4.7 Fighting
 - Level 5.3 Short Blades
 - Level 4.6 Dodging
 - Level 6.5 Stealth
 - Level 4.0 Shields
 - Level 3.3 Evocations


You had 6 spell levels left.
You didn't know any spells.
Your spell library was empty.

Dungeon Overview and Level Annotations

Branches:
Dungeon (6/15)             Temple (1/1) D:5

Altars:
Ashenzari
Cheibriados
Gozag
Okawaru
Ru
Trog
Vehumet
Wu Jian
Zin

Annotations:
D:5 Edmund


Innate Abilities, Weirdness & Mutations

You are very small and have problems with some larger weapons.
You are too small for most types of armour.
You have supernaturally acute eyesight. (SInv)
((You cover ground extremely quickly.))
((You have sharp fingernails.))
You are dopey. (Int -2)
You passively map a small area around you.
Your spells are a little harder to cast, but a little more powerful.


Message History

You hit the tentacled monstrosity.
The tentacled monstrosity is lightly wounded.
The tentacled monstrosity tentacle-slaps you.
* * * LOW HITPOINT WARNING * * *
The tentacled monstrosity tentacle-slaps you.
* * * LOW HITPOINT WARNING * * *
The tentacled monstrosity tentacle-slaps you but does no damage.
* * * LOW HITPOINT WARNING * * *
The tentacled monstrosity constricts you.
The tentacled monstrosity tentacle-slaps you but does no damage. x2
You block the tentacled monstrosity's attack.
The tentacled monstrosity constricts you.
It was a potion of flight.
Your roots keep you in place.
You block the tentacled monstrosity's attack.
The tentacled monstrosity tentacle-slaps you but does no damage. x2
* * * LOW HITPOINT WARNING * * *
The tentacled monstrosity constricts you.
It was a potion of magic.
Magic courses through your body.
The tentacled monstrosity tentacle-slaps you!
You die...

### # #... #
###...### ..#
##.......####.#.
. #
#......♣X......
...
#.......####.#.
..###...### .
##. [#...# .# .
###. # # .# ..
#.# . . . # . .
. ..# .# #


You could see a tentacled monstrosity.

Vanquished Creatures
  A neqoxec (Abyss:1)
  An ogre (D:4)
  A centaur (D:5)
  A small abomination (Abyss:1)
  A bullfrog zombie (D:5)
  2 orc wizards (D:5)
  3 hounds
  Jessica (D:2)
  2 iguanas
  Ijyb (Temple)
  3 worker ants (D:4)
  12 adders
  A shadow imp (D:5)
  A white imp (D:5)
  2 adder skeletons (D:4)
  3 worms
  A dart slug (D:3)
  4 leopard geckos
  9 orcs
  7 giant cockroaches
  5 goblins
  7 hobgoblins
  5 jackals
  10 kobolds
  4 quokkas
  4 bats
  4 frilled lizards
  A quokka skeleton (D:5)
  9 rats
106 creatures vanquished.

Notes
Turn   | Place    | Note
-------+----------+-------------------------------------------
     0 | D:1      | dickylongcocking the Spriggan Fighter began the quest for
                  | the Orb.
     0 | D:1      | Reached XP level 1. HP: 11/11 MP: 2/2
   217 | D:1      | Reached XP level 2. HP: 15/16 MP: 3/3
   560 | D:1      | Reached skill level 1 in Stealth
   698 | D:2      | Noticed Jessica
   987 | D:2      | Gained mutation: You passively map a small area around you.
                  | [potion of mutation]
   987 | D:2      | Gained mutation: Your spells are a little harder to cast,
                  | but a little more powerful. [potion of mutation]
   987 | D:2      | Gained mutation: You have sharp fingernails. [potion of
                  | mutation]
   989 | D:2      | Killed Jessica
   990 | D:2      | Reached skill level 2 in Stealth
   990 | D:2      | Reached XP level 3. HP: 7/19 MP: 4/4
  1631 | D:2      | Reached XP level 4. HP: 20/23 MP: 5/5
  1916 | D:2      | Reached skill level 3 in Stealth
  2448 | D:3      | Reached XP level 5. HP: 27/27 MP: 6/6
  2795 | D:3      | Found a faded altar of an unknown god.
  2957 | D:4      | Reached skill level 4 in Stealth
  3312 | D:4      | Noticed an ogre
  3354 | D:4      | Killed an ogre
  3355 | D:4      | Reached skill level 5 in Stealth
  3355 | D:4      | Reached skill level 1 in Evocations
  3355 | D:4      | Reached XP level 6. HP: 19/32 MP: 7/7
  5026 | D:5      | Entered Level 5 of the Dungeon
  5057 | D:5      | Found a broken altar of Ashenzari.
  5064 | D:5      | Found a staircase to the Ecumenical Temple.
  5065 | D:5      | Noticed Ijyb
  5075 | Temple   | Entered the Ecumenical Temple
  5090 | Temple   | Became a worshipper of Warmaster Okawaru
  5531 | Temple   | Killed Ijyb
  5740 | D:5      | Reached skill level 5 in Short Blades
  5740 | D:5      | Reached skill level 6 in Stealth
  5740 | D:5      | Reached XP level 7. HP: 5/35 MP: 8/8
  6037 | D:5      | Noticed Edmund
  7334 | D:6      | Cast into level 1 of the Abyss (orc)
  7334 | Abyss:1  | Found a corrupted altar of Lugonu.
  7400 | Abyss:1  | Noticed a rakshasa
  7431 | Abyss:1  | Noticed a purple very ugly thing
  7465 | Abyss:1  | Noticed a thrashing horror
  7482 | Abyss:1  | Noticed a thrashing horror
  7541 | Abyss:1  | Noticed a neqoxec
  7550 | Abyss:1  | Gained mutation: You are dopey. (Int -2) [a neqoxec]
  7558 | Abyss:1  | Noticed a tentacled monstrosity
  7564 | Abyss:1  | Killed a neqoxec
  7568 | Abyss:1  | HP: 1/57 [tentacled monstrosity (6)]
  7569 | Abyss:1  | Mangled by a tentacled monstrosity

Illustrated notes

Levels and vault maps discovered:
D:1:      lightli_arrival_quake, layout_loops_ring, hex_medium
D:2:      layout_basic, uniq_jessica
D:3:      layout_rooms, chequers_ecumenical_altar_simple_redux,
          minmay_misc_feat_alley, kennysheep_generic_room_14
D:4:      layout_basic, serial_curves, eino_curves_04, eino_curves_02,
          minmay_manual_mandibuliform
D:5:      layout_loops_ring, minmay_temple_entry_sparse_star, ashenzari_altar_1,
          uniq_ijyb, uniq_edmund
D:6:      layout_cave_pools, serial_shops, shop, minivault_25
Temple:   regret_index_temple_mists
Abyss:1:  base: D:5, gammafunk_corrupted_shrine

Skill      XL: |  1  2  3  4  5  6  7 |
---------------+----------------------+-----
Stealth        | 2 3 5 6 |  6.5
Short Blades   | 3 4 5 |  5.3
Shields        | 3 4 |  4.0
Evocations     | 1 2 3 |  3.3
Fighting       | 4 |  4.7
Dodging        | |  4.6

Action                   |  1- 3 |  4- 6 |  7- 9 || total
-------------------------+-------+-------+-------++-------
Melee: Rapier            |   107 |   290 |   103 ||   500
       Unarmed           |       |       |    14 ||    14
Evoke: Wand              |       |     8 |    10 ||    18
  Use: Potion            |     3 |     3 |     5 ||    11
       Scroll            |       |     7 |       ||     7
 Stab: Sleeping          |     3 |     9 |     2 ||    14
Armor: Robe              |     4 |    14 |     2 ||    20
       Skin              |     1 |       |    32 ||    33
Dodge: Dodged            |    67 |   189 |    41 ||   297
       Repelled          |       |       |     3 ||     3
Block: Buckler           |    29 |    95 |    43 ||   167

Table legend: (Time is in decaauts)
 A = Elapsed time spent in this place.
 B = Non-inter-level travel time spent in this place.
 C = Inter-level travel time spent in this place.
 D = Time resting spent in this place.
 E = Time spent auto-exploring this place.
 F = Levels seen in this place.
 G = Mean time per level.
                   A        B        C        D        E       F      G
               +--------+--------+--------+--------+--------+-----+--------+
         Total |   6357 |   6161 |    196 |   2280 |   2761 |   8 |  794.6 |
       Dungeon |   5556 |   5371 |    185 |   1691 |   2758 |   6 |  926.0 |
        Temple |    638 |    628 |     10 |    584 |      0 |   1 |  638.0 |
         Abyss |    162 |    162 |      0 |      5 |      3 |   1 |  162.0 |
               +--------+--------+--------+--------+--------+-----+--------+

Top non-repeatable levels by time:
     D:4: 1741 daAuts
     D:2: 1339 daAuts
     D:5: 1168 daAuts
     D:3: 815 daAuts
  Temple: 638 daAuts
     D:1: 486 daAuts
 Abyss:1: 162 daAuts
     D:6: 6 daAuts
